Map: Traitor's Exile

Players

Triston

  • Race: Protoss Protoss
  • Spawn Location: 9:00

Panda

  • Race: Zerg Zerg
  • Spawn Location: 12:00

MonstroTown

  • Race: Terran Terran
  • Spawn Location: 5:00

Michael

  • Race: Zerg Zerg
  • Spawn Location: 6:00

VOD

Have the link to the VOD?

Description

Time

  • Played on: Sept. 2, 2018, 1:44 a.m.
  • Length: 7:25
Show
View Real Time Build Order
Export as new Build Order

Triston Protoss 

Build Orders: 1 Gate Expand, Blink Stalkers 

Get SALT Encoding   

  12  0:00  Probe  
  13  0:08  Probe  
  14  0:19  Pylon  
  14  0:21  Probe  
  15  0:41  Gateway  
  15  0:47  Probe  
  16  0:56  Assimilator  
  16  1:00  Probe  
  17  1:20  Nexus  
  17  1:22  Probe  
  18  1:33  Cybernetics Core  
  18  1:37  Probe  
  19  1:51  Probe  
  20  1:56  Assimilator  
  20  2:03  Probe  
  20  2:05  Stalker  
  21  2:13  Warp Gate  
  23  2:31  Probe  
  23  2:33  Probe  
  25  2:54  Stalker  
  25  3:01  Pylon  
  27  3:07  Probe x2  
  29  3:13  Twilight Council  
  29  3:17  Gateway  
  29  3:19  Gateway  
  27  3:20  Blink  
  27  3:24  Probe x2  
  29  3:36  Robotics Facility, Probe x2  
  31  3:51  Probe  
  31  3:52  Probe  
  33  4:04  Probe x2  
  35  4:16  Pylon  
  35  4:17  Stalker x3  
  35  4:23  Probe x2  
  35  4:24  Pylon  
  43  4:25  Observer  
  44  4:35  Probe  
  44  4:36  Probe  
  44  4:38  Shield Battery  
  46  4:47  Stalker x2  
  46  4:48  Probe x2  
  52  5:01  Stalker  
  54  5:08  Probe x2  
  54  5:10  Gateway  
  54  5:11  Assimilator  
  54  5:12  Gateway  
  56  5:19  Stalker  
  56  5:20  Stalker  
  60  5:30  Pylon  
  60  5:32  Pylon  
  59  5:48  Stalker x2  
  59  5:49  Stalker, Warp Prism  
  63  5:58  Probe x2  
  65  6:32  Stalker x3  
  67  6:33  Stalker x2  
  73  6:46  Assimilator  
  67  7:06  Stalker  
  67  7:07  Stalker x4  
  78  7:21  Pylon  
  78  7:24  Pylon  
Show
View Real Time Build Order
Export as new Build Order

Panda Zerg 

Build Orders: Hatch First 

Get SALT Encoding   

  12  0:01  Drone  
  13  0:13  Overlord  
  13  0:19  Drone  
  14  0:32  Drone x2  
  17  0:35  Drone  
  17  0:46  Drone  
  18  0:57  Hatchery  
  18  1:00  Drone  
  18  1:08  Extractor, Drone  
  18  1:19  Drone  
  18  1:25  Spawning Pool  
  18  1:29  Drone  
  19  1:40  Overlord  
  19  1:52  Drone  
  20  2:08  Drone  
  21  2:11  Queen x2  
  21  2:12  Metabolic Boost  
  21  2:15  Zergling x2  
  26  2:16  Zergling x2  
  27  2:57  Zergling x2  
  27  2:58  Zergling x10  
  26  3:22  Zergling x8  
  29  3:31  Queen  
  31  3:36  Queen  
  33  3:46  Drone x3  
  33  3:48  Overlord x2  
  36  3:53  Roach Warren  
  35  4:13  Lair  
  35  4:23  Drone x6  
  41  4:32  Drone x3  
  41  4:33  Extractor  
  43  4:38  Drone  
  44  4:57  Drone x6  
  50  5:04  Roach  
  52  5:12  Evolution Chamber  
  51  5:14  Evolution Chamber  
  51  5:15  Roach  
  51  5:16  Overlord x2  
  52  5:34  Roach x5  
  58  5:40  Roach x3  
  60  5:44  Glial Reconstitution  
  59  6:00  Roach x3  
  63  6:11  Extractor, Roach  
  62  6:12  Roach  
  66  6:28  Overlord  
  66  6:29  Overlord x2  
  66  6:43  Overlord x2  
  66  6:51  Roach x3  
  66  6:52  Roach x4  
  82  7:01  Roach x2  
  82  7:04  Drone  
  83  7:09  Drone  
Show
View Real Time Build Order
Export as new Build Order

MonstroTown Terran 

Build Orders: 1/1/1 

Get SALT Encoding   

  12  0:01  SCV  
  13  0:13  SCV  
  14  0:19  Supply Depot  
  14  0:25  SCV  
  15  0:31  Refinery  
  15  0:40  SCV  
  16  0:46  Barracks  
  16  0:53  SCV  
  17  1:00  Refinery  
  17  1:05  SCV  
  18  1:17  SCV  
  19  1:33  Factory  
  19  1:38  Reaper  
  20  1:40  Orbital Command  
  20  2:06  SCV  
  21  2:13  Supply Depot  
  21  2:14  Barracks Reactor  
  21  2:20  Widow Mine  
  23  2:22  Starport  
  23  2:45  SCV  
  24  2:58  SCV  
  24  3:23  Cyclone x2  
  24  3:25  Marine  
  31  3:51  SCV  
  32  4:01  Command Center  
  32  4:04  SCV  
  33  4:16  Marine  
  34  4:17  Cyclone  
  34  4:18  Medivac  
  34  4:23  Supply Depot, Cyclone  
  43  4:40  Barracks  
  43  4:42  Barracks Tech Lab  
  42  5:00  Cyclone x2  
  42  5:04  Stimpack, Supply Depot  
  48  5:17  Starport Reactor  
  48  5:21  Barracks  
  40  5:46  Marine x2  
  40  5:48  Cyclone  
  37  5:56  Liberator  
  31  5:59  SCV  
  31  6:01  Bunker  
  32  6:05  Marauder  
  32  6:06  Marine  
  35  6:18  Liberator  
  35  6:23  Marine  
  35  6:24  Marine  
  37  6:29  Marauder  
  37  6:31  Widow Mine  
  33  7:11  SCV x2  
Show
View Real Time Build Order
Export as new Build Order

Michael Zerg 

Build Orders: Hatch First 

Get SALT Encoding   

  12  0:01  Drone  
  13  0:13  Overlord  
  13  0:18  Drone  
  14  0:31  Drone x2  
  14  0:35  Drone  
  17  0:46  Drone  
  18  0:58  Hatchery  
  18  1:00  Drone  
  18  1:07  Extractor  
  17  1:18  Spawning Pool  
  16  1:19  Drone  
  16  1:22  Drone  
  18  1:29  Drone  
  19  1:40  Drone  
  20  1:50  Overlord  
  20  2:04  Queen  
  22  2:10  Queen  
  22  2:11  Metabolic Boost  
  22  2:14  Zergling x4  
  26  2:17  Zergling x2  
  26  2:21  Zergling x2  
  28  2:25  Zergling x2  
  29  2:31  Zergling x2  
  29  2:33  Zergling x2  
  31  2:42  Zergling x2  
  32  2:45  Zergling x2  
  32  2:54  Zergling x2  
  30  3:14  Zergling x2  
  30  3:15  Zergling x6  
  30  3:28  Drone x5  
  34  3:42  Drone x2  
  34  3:44  Overlord  
  36  4:00  Hatchery  
  36  4:02  Roach Warren  
  34  4:06  Evolution Chamber  
  34  4:08  Drone  
  34  4:09  Drone  
  35  4:17  Drone  
  35  4:18  Spine Crawler  
  35  4:20  Drone  
  35  4:22  Drone  
  37  4:25  Drone  
  37  4:28  Drone  
  37  4:30  Drone  
  40  4:33  Drone  
  40  4:35  Drone  
  42  4:42  Lair  
  42  4:49  Zerg Ground Armor Level 1  
  42  4:52  Extractor  
  41  4:54  Extractor, Drone  
  41  4:57  Drone  
  41  4:59  Drone  
  43  5:06  Drone  
  44  5:08  Overlord  
  44  5:09  Overlord  
  44  5:13  Overlord  
  38  5:38  Roach x5  
  38  5:39  Roach x4  
  56  5:44  Queen  
  56  5:46  Drone  
  56  5:47  Drone  
  56  5:49  Drone  
  61  5:54  Queen  
  63  6:05  Hydralisk Den  
  63  6:06  Spore Crawler  
  55  6:12  Roach x4  
  61  6:22  Roach  
  61  6:23  Roach  
  61  6:24  Zergling x6  
  61  6:25  Zergling x2  
  59  6:27  Zergling x2  
  59  6:28  Zergling x2  
  59  6:30  Zergling x2  
  59  6:31  Zergling x2  
  58  6:37  Zergling x6  
  51  6:42  Zergling x4  
  44  6:49  Roach x2  
  41  6:54  Roach x2  
Tags
 
Add a new tag
Caveats
  • Supply blocks, unpowered buildings, or Contaminate may cause inaccurate times.
  • Supply counts are checked every 10 seconds.